 Dungeon Crawl Stone Soup version 0.28.0 (webtiles) character file.

Game seed: 8502635395988439465

177 willcat the Sneak (level 5, -2/32 HPs)
             Began as a Kobold Delver on Feb 5, 2022.
             Asphyxiated
             ... on level 6 of the Dungeon.
             The game lasted 00:01:42 (1145 turns).

willcat the Sneak (Kobold Delver)                   Turns: 1145, Time: 00:01:42

Health: -2/32      AC:  4    Str:  7 (9)  XL:     5   Next: 88%
Magic:  5/5        EV: 15    Int: 10 (11) God:
Gold:   23         SH:  0    Dex: 18 (19) Spells: 4/4 levels left

rFire   . . .      SeeInvis .   a - +0 short sword
rCold   . . .      Faith    .   (no shield)
rNeg    . . .      Spirit   .   b - +0 leather armour
rPois   .          Reflect  .   (no helmet)
rElec   .          Harm     .   (no cloak)
rCorr   .          Rampage  .   h - +0 pair of gloves
Will    .....                   (no boots)
Stlth   +++++.....              (no amulet)
HPRegen 0.10/turn               (no ring)
MPRegen 0.09/turn               (no ring)

@: lethally poisoned (-2 -> -14), hasted, very quick
A: small, no large weapons, nightstalker 3
a: no special abilities


You were on level 6 of the Dungeon.
You visited 1 branch of the dungeon, and saw 2 of its levels.

You collected 23 gold pieces.

Inventory:

Hand Weapons
 a - a +0 short sword (weapon)
Armour
 b - a +0 leather armour (worn)
 h - a +0 pair of gloves (worn)
Wands
 g - a wand of digging (3)
Scrolls
 c - a scroll of fog
 d - a scroll of magic mapping
 i - a scroll of teleportation {unknown}
 j - a scroll of immolation {unknown}


   Skills:
 - Level 3.2 Fighting
 + Level 4.7 Short Blades
 + Level 4.3 Dodging
 + Level 7.9 Stealth


You had 4 spell levels left.
You didn't know any spells.
Your spell library was empty.

Dungeon Overview and Level Annotations

Branches:
Dungeon (6/15)
 Temple: D:4-7

Altars:

Shops:
D:6 ((

Annotations:
D:5 Menkaure


Innate Abilities, Weirdness & Mutations

You are small and have problems with some larger weapons.
You are completely attuned to the shadows.


Message History

There was something very wrong with that liquid.
You feel weakened.
You feel dopey.
You feel clumsy.
The kobold brigand hits you with a +0 club!
You feel yourself speed up.
The kobold brigand hits you with a +0 club.
You hit the kobold brigand but do no damage.
The kobold brigand is lightly wounded.
You closely miss the kobold brigand.
The kobold brigand is lightly wounded.
The kobold brigand completely misses you.
You barely miss the kobold brigand.
The kobold brigand is lightly wounded.
The kobold brigand barely misses you.
You completely miss the kobold brigand.
The kobold brigand is lightly wounded.
You closely miss the kobold brigand.
The kobold brigand is lightly wounded.
The kobold brigand completely misses you.
You hit the kobold brigand but do no damage.
The kobold brigand is lightly wounded.
Okay, then.
You barely miss the kobold brigand.
The kobold brigand is lightly wounded.
The kobold brigand hits you with a +0 club.
* * * LOW HITPOINT WARNING * * *
You hit the kobold brigand.
The kobold brigand is moderately wounded.
The kobold brigand hits you with a +0 club.
* * * LOW HITPOINT WARNING * * *
You hit the kobold brigand.
The kobold brigand is moderately wounded.
You closely miss the kobold brigand.
You punch the kobold brigand, but do no damage.
The kobold brigand is moderately wounded.
The kobold brigand closely misses you.
The kobold brigand throws a curare-tipped dart.
The curare-tipped dart hits you.
You are lethally poisoned!
You have difficulty breathing.
You die...

..................###
..................#
..YYKK.K..........###
...YYK...............
.##K#####...........
#K# #........... #.#
#........... #.#
#........... #@#
#...........
#.................
#..... ....... #...[.
....... ......
...####


You could see a kobold brigand and a kobold.

Vanquished Creatures
  An ogre (D:6)
  A hound (D:6)
  A bullfrog skeleton (D:6)
  A bullfrog zombie (D:6)
  An orc (D:6)
5 creatures vanquished.

Notes
Turn   | Place    | Note
-------+----------+-------------------------------------------
     0 | D:5      | willcat the Kobold Delver began the quest for the Orb.
     0 | D:5      | Reached XP level 1. HP: 14/14 MP: 1/1
    47 | D:5      | Noticed an ogre
    48 | D:5      | Noticed Menkaure
   260 | D:6      | Reached skill level 7 in Stealth
   260 | D:6      | Reached XP level 2. HP: 19/19 MP: 2/2
   260 | D:6      | Reached XP level 3. HP: 23/23 MP: 3/3
   282 | D:6      | Reached XP level 4. HP: 28/28 MP: 4/4
   285 | D:6      | Noticed a kobold brigand
   285 | D:6      | Noticed a gnoll sergeant
   297 | D:6      | Noticed an ogre
   362 | D:6      | HP: 1/28 [hound (2)]
   754 | D:6      | Killed an ogre
   755 | D:6      | Reached XP level 5. HP: 14/32 MP: 5/5
   955 | D:6      | Found Raga's Antique Weapon Shop.
  1056 | D:6      | Found Jicya's Weapon Shop.
  1113 | D:6      | Noticed a yak
  1115 | D:6      | Noticed a yak
  1121 | D:6      | Noticed a yak
  1122 | D:6      | Noticed a yak
  1122 | D:6      | Noticed a yak
  1123 | D:6      | Noticed a yak
  1145 | D:6      | Asphyxiated

Illustrated notes

Levels and vault maps discovered:
D:5:      layout_rooms, mainiacjoe_overflow_chevrons,
          mainiacjoe_overflow_boulevard, mainiacjoe_overflow_paths,
          lemuel_crystal_altar, uniq_menkaure
D:6:      kennysheep_windowed_halls, layout_basic, serial_shops,
          nicolae_lakefront_shop, nicolae_shop_hallway_stairs, shop

Skill      XL: |  1  2  3  4 |
---------------+-------------+-----
Short Blades   | 3 4 |  4.7
Dodging        | 3 4 |  4.3
Stealth        | 7 |  7.9
Fighting       | |  3.2

Action                   |  1- 3 |  4- 6 || total
-------------------------+-------+-------++-------
Melee: Short sword       |     5 |    51 ||    56
       Punch             |       |     7 ||     7
  Use: Scroll            |       |     1 ||     1
       Potion            |       |     2 ||     2
 Stab: Sleeping          |     2 |     1 ||     3
Armor: Leather armour    |     3 |     4 ||     7
Dodge: Dodged            |       |    59 ||    59
